 Dungeon Crawl Stone Soup version 0.28.0-53-g5a82cb258f (webtiles) character file.

Game seed: 4884649760525283436

12 Descartes the Shield-Bearer (level 2, -8/24 HPs)
             Began as a Formicid Fighter on July 23, 2022.
             Killed by divine providence
             ... invoked by an orc priest
              (15 damage)
             ... on level 2 of the Dungeon.
             The game lasted 00:00:51 (619 turns).

Descartes the Shield-Bearer (Formicid Fighter)       Turns: 619, Time: 00:00:52

Health: -8/24      AC:  6    Str: 20    XL:     2   Next: 45%
Magic:  2/2        EV:  9    Int:  7    God:
Gold:   8          SH:  4    Dex: 10    Spells: 1/1 levels left

rFire   . . .      SeeInvis +   a - +0 war axe
rCold   . . .      Faith    .   c - +0 buckler
rNeg    . . .      Spirit   .   b - +0 scale mail
rPois   .          Reflect  .   (helmet unavailable)
rElec   .          Harm     .   (no cloak)
rCorr   .          Rampage  .   (no gloves)
Will    .....                   (no boots)
Stlth   ..........              (no amulet)
HPRegen 0.08/turn               (no ring)
MPRegen 0.08/turn               (no ring)

@: no status effects
A: permanent stasis, dig shafts and tunnels, antennae 3, four strong arms
a: Dig, Shaft Self


You were on level 2 of the Dungeon.
You visited 1 branch of the dungeon, and saw 2 of its levels.

You collected 8 gold pieces.

Inventory:

Hand Weapons
 a - a +0 war axe (weapon)
Missiles
 h - 3 stones
Armour
 b - a +0 scale mail (worn)
 c - a +0 buckler (worn)
Scrolls
 f - a scroll of identify {unknown}
Potions
 d - a potion of might
 e - a potion of flight {unknown}
 g - a potion of attraction {unknown}


   Skills:
 + Level 3.4 Fighting
 + Level 2.1 Axes
 + Level 0.3(1.3) Maces & Flails
 + Level 3.4 Armour
 + Level 3.8 Shields
 + Level 0.4 Spellcasting
 + Level 0.3 Translocations


You had one spell level left.
You didn't know any spells.
Your spell library was empty.

Dungeon Overview and Level Annotations

Branches:
Dungeon (2/15)

Altars:


Innate Abilities, Weirdness & Mutations

You cannot be hasted, slowed, berserked, paralysed or teleported.
You can dig through walls and to a lower floor.
You have a pair of large antennae on your head. (SInv)
Your four strong arms can wield two-handed weapons with a shield.


Message History

Partly explored, can't reach some places.
There is a shaft here.
There is an open door here.
There is an escape hatch in the floor here.
You slide downwards.
The hatch slams shut behind you.
The orc shouts!
The orc priest shouts!
The orc shouts!
The orc priest shouts!
The orc wizard shouts!
The orc shouts! x2
Found 16 gold pieces.
The orc wizard mumbles some strange words.
The orc wizard flickers and vanishes for a moment.
The orc closely misses you. The orc priest closely misses you.
You closely miss the orc. x2; The orc hits you with a +0 trident.
The orc priest mumbles some strange prayers to Beogh against you.
Beogh smites you!
Ouch! That really hurt!
The orc hits you with a +0 dagger.
* * * LOW HITPOINT WARNING * * *
You are too injured to fight recklessly!
You are too injured to fight recklessly!
You are too injured to fight recklessly!
You are too injured to fight recklessly!
You are too injured to fight recklessly!
You are too injured to fight recklessly!
You are too injured to fight recklessly!
You are too injured to fight recklessly!
You are too injured to fight recklessly!
You are too injured to fight recklessly!
You are too injured to fight recklessly!
You are too injured to fight recklessly!
You are too injured to fight recklessly!
You are too injured to fight recklessly!
You are too injured to fight recklessly!
You are too injured to fight recklessly!
You are too injured to fight recklessly!
You are too injured to fight recklessly!
The orc closely misses you.
The orc priest mumbles some strange prayers to Beogh against you.
Beogh smites you!
Ouch! That really hurt!
You die...

########.#
##.@......#
#..o......#
#$o.o.......
..#⌠ooo.......
....#$....o.....
....##..........
... ##.........
.. ########.#


You could see 2 orc priests, an orc wizard (invisible) and 4 orcs.

Vanquished Creatures
  3 ball pythons (D:1)
  3 endoplasms (D:1)
  A hobgoblin (D:1)
  A quokka (D:1)
  A bat (D:1)
  A kobold (D:1)
  A rat (D:1)
11 creatures vanquished.

Notes
Turn   | Place    | Note
-------+----------+-------------------------------------------
     0 | D:1      | Descartes the Formicid Fighter began the quest for the Orb.
     0 | D:1      | Reached XP level 1. HP: 18/18 MP: 1/1
   144 | D:1      | Reached XP level 2. HP: 13/24 MP: 2/2
   619 | D:2      | Killed from afar by an orc priest

Illustrated notes

Levels and vault maps discovered:
D:1:      saegor_arrival_simple_d, layout_rooms
D:2:      cheibrodos_pilgrimage, layout_basic, basic_ecumenical_altar,
          kennysheep_cross_bottleneck, corexii_shack, chequers_arboretum

Action                   || total
-------------------------++-------
Melee: War axe           ||    27
Armor: Scale mail        ||    22
Dodge: Dodged            ||    20
Block: Buckler           ||    10
